 Dungeon Crawl Stone Soup version 0.24.0-123-gd5b16e6ec5 (webtiles) character file.

Game seed: 14347634202769071013, levelgen mode: deterministic

1398 Bombadil the Covert (level 8, -2/51 HPs)
             Began as an Octopode Enchanter on Jan 16, 2020.
             Was a Believer of Vehumet.
             Slain by an ogre
             ... wielding a +0 giant club
              (18 damage)
             ... on level 6 of the Dungeon.
             The game lasted 00:16:54 (6517 turns).

Bombadil the Covert (Octopode Enchanter)            Turns: 6517, Time: 00:16:55

Health: -2/51      AC:  1    Str:  8    XL:     8   Next: 69%
Magic:  6/14       EV: 14    Int: 19    God:    Vehumet [**....]
Gold:   124        SH:  0    Dex: 12    Spells: 8/15 levels left

rFire    . . .     SeeInvis .   a - +1 dagger
rCold    . . .     Gourm    .   (no shield)
rNeg     . . .     Faith    .   (helmet restricted)
rPois    .         Spirit   .   (no amulet)
rElec    +         Reflect  .   v - ring of teleportation (curse)
rCorr    .         Harm     .   (no ring)
MR       .....     Rnd*Tele +   (no ring)
Stlth    +++++.....             (no ring)
HPRegen  0.00/turn              (no ring)
MPRegen  0.14/turn              (no ring)
                                (no ring)
                                (no ring)

@: marked
A: almost no armour, stealthy swim, amphibious, 8 rings, constrict 8, antennae
1, camouflage 1, electricity resistance, inhibited regeneration, gelatinous body
1
a: Renounce Religion


You were on level 6 of the Dungeon.
You worshipped Vehumet.
Vehumet was pleased with you.
You were not hungry.

You visited 2 branches of the dungeon, and saw 7 of its levels.

You collected 229 gold pieces.
You spent 105 gold pieces at shops.

Inventory:

Hand Weapons
 a - a +1 dagger (weapon)
Missiles
 s - 19 poisoned darts (quivered)
 y - 5 curare-tipped darts
 A - 7 datura-tipped darts
Jewellery
 v - a cursed ring of teleportation (left tentacle)
 C - a +3 ring of dexterity {unknown}
Wands
 q - a wand of iceblast (6)
 z - a wand of flame (24)
Scrolls
 d - 2 scrolls of fog {unknown}
 e - a scroll of fear
 g - 5 scrolls of teleportation
 j - a scroll of immolation {unknown}
 k - a scroll of blinking {unknown}
 n - a scroll of remove curse {unknown}
 o - 2 scrolls of identify
 p - 2 scrolls of enchant weapon
 r - a scroll of enchant armour {unknown}
 x - a scroll of magic mapping {unknown}
Potions
 b - a potion of haste
 f - 2 potions of degeneration {unknown}
 h - a potion of ambrosia {unknown}
 l - a potion of might {unknown}
 m - a potion of lignification {unknown}
 t - 2 potions of curing
 u - a potion of brilliance {unknown}
 w - 2 potions of magic {unknown}
 B - 2 potions of heal wounds {unknown}
Comestibles
 c - 6 rations
 D - 5 chunks of flesh


   Skills:
 + Level 2.3 Fighting
 + Level 3.7 Short Blades
 + Level 3.1 Dodging
 + Level 9.5 Stealth
 + Level 4.4 Spellcasting
 + Level 4.5 Hexes
 + Level 3.1 Ice Magic


You had 8 spell levels left.
You knew the following spells:

 Your Spells              Type           Power        Failure   Level  Hunger
a - Corona                Hex            ###....      1%          1    None
b - Ensorcelled Hibernat  Hex/Ice        ###...       4%          2    #......
c - Confuse               Hex            ###.....     6%          3    ###....
d - Flame Tongue          Conj/Fire      #....        13%         1    None

Your spell library contained the following spells:

 Spells                   Type           Power        Failure   Level  Hunger
 Throw Flame              Conj/Fire      #.....       21%         2    #......
 Tukima's Dance           Hex            ###.....     6%          3    ###....
 Dazzling Spray           Conj/Hex       ##....       16%         3    ###....


Dungeon Overview and Level Annotations

Branches:
Dungeon (6/15)             Temple (1/1) D:4

Altars:
Dithmenos
Elyvilon
Fedhas
Gozag
Hepliaklqana
Makhleb
Nemelex Xobeh
Okawaru
Qazlal
Ru
Uskayaw
Vehumet
Wu Jian
Xom
Zin

Shops:
D:4 ?


Innate Abilities, Weirdness & Mutations

You cannot wear most types of armour.
You are very stealthy in the water. (Stealth+)
You are amphibious.
You can wear up to eight rings at the same time.
You can use your tentacles to constrict eight enemies at once.
Your skin changes colour to match your surroundings (Stealth+).
Your rubbery body absorbs attacks. (AC +1, EV +1)
You have a pair of small antennae on your head.
You are resistant to electric shocks. (rElec)
You do not regenerate when monsters are visible.


Message History

You constrict the shadow imp.
The shadow imp hits you but does no damage.
You hit the shadow imp but do no damage.
You squeeze the shadow imp.
You kill the shadow imp!
Vehumet accepts your kill.
An ogre comes into view. It is wielding a +0 giant club.
The sky beast flickers out of sight!
Deactivating autopickup; reactivate with Ctrl-A.
The ogre closely misses you.
A sky beast appears from thin air!
Reactivating autopickup.
The bullfrog zombie hits you. The bullfrog zombie barely misses you.
The sky beast flickers out of sight!
Deactivating autopickup; reactivate with Ctrl-A.
An orc comes into view. It is wielding a +0 flail.
The bullfrog zombie barely misses you.
You barely miss the orc. Your grab misses the orc.
The bullfrog zombie hits you.
The ogre hits you with a +0 giant club!!
You die...

### , #.#...#.#.##
#.. .......#..# #.#
# .......##.### #.#
. #........# #.# #.
#........## #.#
#.#####.............
#.# *
*.o.#........###.###
.<# #.#Z.......# ###
, #o@O####.### ,
##### #.# #.# #.# *
, , , ,*


You could see an ogre, 2 orcs and a bullfrog zombie.

Vanquished Creatures
  A troll (D:6)
  A sky beast (D:5)
  An ice beast (D:5)
  2 ogres
  A bullfrog (D:5)
  2 scorpions (D:4)
  2 crimson imps (D:5)
  2 hounds
  2 iguanas (D:4)
  Ijyb (D:3)
  5 worker ants
  A killer bee zombie (D:5)
  A hound zombie (D:6)
  6 gnolls (D:4)
  7 adders
  3 shadow imps
  6 oozes
  An adder skeleton (D:6)
  7 worms
  A dart slug (D:1)
  4 leopard geckos
  10 orcs
  14 giant cockroaches
  7 goblins
  9 hobgoblins
  6 jackals
  7 kobolds
  3 quokkas
  2 ball pythons
  6 bats
  4 frilled lizards
  A leopard gecko skeleton (D:4)
  10 rats
136 creatures vanquished.

Notes
Turn   | Place    | Note
-------+----------+-------------------------------------------
     0 | D:1      | Bombadil the Octopode Enchanter began the quest for the
                  | Orb.
     0 | D:1      | Reached XP level 1. HP: 11/11 MP: 3/3
     2 | D:1      | Found a runed translucent door.
   163 | D:1      | Reached XP level 2. HP: 7/17 MP: 1/5
   436 | D:1      | Learned a level 2 spell: Ensorcelled Hibernation
   714 | D:1      | Reached XP level 3. HP: 21/22 MP: 1/6
  1181 | D:1      | Reached skill level 1 in Fighting
  1319 | D:2      | Reached skill level 5 in Stealth
  1324 | D:2      | Learned a level 3 spell: Confuse
  1384 | D:2      | Reached XP level 4. HP: 21/28 MP: 0/7
  1475 | D:2      | Found a stormy altar of Qazlal.
  1925 | D:3      | Noticed Ijyb
  1971 | D:3      | Found a white marble altar of Elyvilon.
  1993 | D:3      | Killed Ijyb
  1993 | D:3      | Reached XP level 5. HP: 26/33 MP: 3/8
  2119 | D:3      | Reached skill level 6 in Stealth
  2133 | D:3      | Found an opulent altar of Gozag.
  2199 | D:3      | Reached skill level 1 in Ice Magic
  2262 | D:4      | Found Geereutz's Magic Scroll Boutique.
  2295 | D:4      | Found a staircase to the Ecumenical Temple.
  2304 | Temple   | Entered the Ecumenical Temple
  2306 | Temple   | Gained mutation: You tend to lose your temper in combat.
                  | [potion of mutation]
  2306 | Temple   | Gained mutation: Your spells are a little harder to cast,
                  | but a little more powerful. [potion of mutation]
  2330 | Temple   | Became a worshipper of Vehumet
  2727 | D:4      | Reached XP level 6. HP: 32/38 MP: 0/9
  3700 | D:2      | Found a hazy altar of Hepliaklqana.
  3870 | D:3      | Found a sacrificial altar of Ru.
  3876 | D:3      | Reached skill level 7 in Stealth
  3897 | D:3      | Found a hide-covered altar of Uskayaw.
  3941 | D:3      | Reached * piety under Vehumet
  3941 | D:3      | Offered knowledge of Flame Tongue by Vehumet.
  3956 | D:3      | Learned a level 1 spell: Flame Tongue
  4147 | D:3      | Found a shimmering altar of Xom.
  4633 | D:4      | Reached XP level 7. HP: 43/43 MP: 8/11
  4766 | D:4      | Bought a scroll of enchant weapon for 105 gold pieces
  5055 | D:5      | Entered Level 5 of the Dungeon
  5058 | D:5      | Found a radiant altar of Vehumet.
  5106 | D:5      | Reached skill level 8 in Stealth
  5550 | D:5      | Reached XP level 8. HP: 50/50 MP: 14/14
  5809 | D:5      | Found a burning altar of Makhleb.
  6227 | D:6      | Lost mutation: Your spells are a little harder to cast, but
                  | a little more powerful. [potion of mutation]
  6227 | D:6      | Lost mutation: You tend to lose your temper in combat.
                  | [potion of mutation]
  6227 | D:6      | Gained mutation: You are clumsy. (Dex -2) [potion of
                  | mutation]
  6227 | D:6      | Gained mutation: Your magical capacity is low. (-10% MP)
                  | [potion of mutation]
  6227 | D:6      | Lost mutation: You are clumsy. (Dex -2) [potion of
                  | mutation]
  6227 | D:6      | Gained mutation: You passively map a small area around you.
                  | [potion of mutation]
  6228 | D:6      | Lost mutation: Your magical capacity is low. (-10% MP)
                  | [potion of mutation]
  6228 | D:6      | Lost mutation: You passively map a small area around you.
                  | [potion of mutation]
  6228 | D:6      | Gained mutation: You do not regenerate when monsters are
                  | visible. [potion of mutation]
  6228 | D:6      | Gained mutation: You have a pair of small antennae on your
                  | head. [potion of mutation]
  6228 | D:6      | Gained mutation: You are resistant to electric shocks.
                  | (rElec) [potion of mutation]
  6257 | D:6      | Reached skill level 9 in Stealth
  6476 | D:6      | Offered knowledge of Throw Flame by Vehumet.
  6484 | D:6      | Noticed a troll
  6490 | D:6      | Killed a troll
  6490 | D:6      | Reached ** piety under Vehumet
  6517 | D:6      | Slain by an ogre

Levels and vault maps discovered:
D:1:      dpeg_arrival_caged_fury, layout_basic
D:2:      layout_basic, overflow_temple_1_default, grunt_qazlal_clouds,
          first_ration, nrook_campfire
D:3:      layout_rooms, hangedman_ru_absence,
          nicolae_gozag_cash_rules_everything_around_me, lemuel_doored_altar,
          old_standard_altar, elyvilon_altar_3, uniq_ijyb
D:4:      layout_basic, minmay_temple_entry_mini_moons, serial_shops, shop
D:5:      layout_basic, makhleb_heckhound_becter, vehumet_altar_wand_db
D:6:      layout_loops_ring, lightli_temple_of_fire, corexii_hall_statues_l
Temple:   eino_temple_lava

Skill      XL: |  1  2  3  4  5  6  7  8 |
---------------+-------------------------+-----
Fighting       | 1 2 |  2.3
Stealth        | 5 6 7 8 9 |  9.5
Ice Magic      | 1 2 3 |  3.1
Short Blades   | 2 3 |  3.7
Spellcasting   | 3 4 |  4.4
Hexes          | 4 |  4.5
Dodging        | 3 |  3.1

Action                   |  1- 3 |  4- 6 |  7- 9 || total
-------------------------+-------+-------+-------++-------
Melee: Dagger            |    61 |   108 |    71 ||   240
       Constrict         |    14 |    15 |     9 ||    38
       Tentacles         |    10 |    10 |     5 ||    25
 Cast: Corona            |     8 |     2 |       ||    10
       Ensorcelled Hiber |    11 |    43 |    22 ||    76
       Confuse           |       |     3 |     3 ||     6
       Flame Tongue      |       |     2 |       ||     2
  Use: Potion            |       |     2 |     2 ||     4
       Scroll            |       |     3 |       ||     3
 Stab: Sleeping          |    19 |    37 |    23 ||    79
       Confused          |       |     2 |       ||     2
  Eat: Chunk             |     2 |    13 |     7 ||    22
Armor: Skin              |    12 |     3 |     2 ||    17
Dodge: Dodged            |    50 |    70 |    43 ||   163
